 Dungeon Crawl Stone Soup version 0.24-a0-545-gd1b266bae6 (webtiles) character file.

Game seed: 5387373344512835440

1226 CherryEater the Digger (level 8, -4/44 HPs)
             Began as a Gargoyle Earth Elementalist on Aug 18, 2019.
             Was a Follower of Vehumet.
             Slain by an orc warrior
             ... wielding a +0 halberd
              (22 damage)
             ... on level 6 of the Dungeon.
             The game lasted 00:11:17 (5077 turns).

CherryEater the Digger (GrEE)                       Turns: 5077, Time: 00:11:18

Health: -4/44      AC: 10    Str: 11 (12) XL:     8   Next: 47%
Magic:  0/15       EV: 18    Int: 20 (21) God:    Vehumet [*.....]
Gold:   70         SH:  0    Dex: 10      Spells: 8/17 levels left

rFire    . . .     SeeInvis +   k - +4 trident
rCold    . . .     Gourm    .   (no shield)
rNeg     + . .     Faith    .   c - +0 robe
rPois    ∞         Spirit   .   n - +2 helmet {SInv}
rElec    +         Reflect  .   (no cloak)
rCorr    .         Harm     .   (no gloves)
MR       +....                  (no boots)
Stlth    ++........             (no amulet)
HPRegen  0.14/turn              l - +6 ring of evasion
MPRegen  0.14/turn              m - +3 ring of intelligence

@: flying, very slightly contaminated
A: big wings, talons 1, deterioration 1, magic resistance 1, negative energy
resistance 1, electricity resistance, unbreathing, petrification resistance, rot
immunity, AC +5
a: Stop Flying, Renounce Religion


You were on level 6 of the Dungeon.
You worshipped Vehumet.
Vehumet was aware of your devotion.
You were hungry.

You visited 2 branches of the dungeon, and saw 7 of its levels.

You collected 402 gold pieces.
You spent 332 gold pieces at shops.

Inventory:

Hand Weapons
 k - a +4 trident (weapon)
 s - a +1 flail of protection
Missiles
 b - 116 stones (quivered)
Armour
 c - a +0 robe (worn)
 h - the +2 leather armour of the Ward {rElec}
   (You found it on level 5 of the Dungeon)

   It insulates you from electricity.
 n - a +2 helmet of see invisible (worn)
Jewellery
 i - an uncursed ring of fire
 l - a +6 ring of evasion (left hand)
 m - a +3 ring of intelligence (right hand)
Scrolls
 a - 4 scrolls of teleportation
 f - a scroll of amnesia
 p - 2 scrolls of remove curse
 q - 2 scrolls of identify
Potions
 g - a potion of curing
 j - a potion of resistance
 o - a potion of might
 t - a potion of invisibility
Comestibles
 d - 12 rations
 r - 17 chunks of flesh


   Skills:
 + Level 1.7 Fighting
 + Level 1.7 Maces & Flails
 + Level 1.9 Armour
 + Level 2.1 Dodging
 + Level 3.3 Stealth
 + Level 5.0 Spellcasting
 + Level 5.0 Conjurations
   Level 0.7 Transmutations
 + Level 7.2 Earth Magic


You had 8 spell levels left.
You knew the following spells:

 Your Spells              Type           Power        Failure   Level  Hunger
a - Sandblast             Erth           ####..       1%          1    None
b - Stone Arrow           Conj/Erth      ####..       2%          3    ##.....
c - Lee's Rapid Deconstr  Erth           ####......   16%         5    #####..

Your spell library contained the following spells:

 Spells                   Type           Power        Failure   Level  Hunger
 Sting                    Conj/Pois      ###.         4%          1    None
 Passwall                 Tmut/Erth      ###.....     3%          2    None
 Petrify                  Tmut/Erth      ###.....     22%         4    ####...


Dungeon Overview and Level Annotations

Branches:
Dungeon (6/15)             Temple (1/1) D:4

Altars:
Ashenzari
Cheibriados
Dithmenos
Elyvilon
Fedhas
Gozag
Hepliaklqana
Kikubaaqudgha
Makhleb
Nemelex Xobeh
Okawaru
Qazlal
Ru
Sif Muna
Trog
Uskayaw
Vehumet
Wu Jian
Xom
Yredelemnul
Zin
The Shining One

Shops:
D:4 *([!*


Innate Abilities, Weirdness & Mutations

You are resistant to torment.
Your stone body is resilient. (AC +5)
You are immune to poison.
You resist negative energy. (rN+)
You are resistant to electric shocks. (rElec)
You can survive without breathing.
You are immune to petrification.
You are immune to rotting.
Your large and strong wings let you fly indefinitely.
You have sharp toenails.
Your body sometimes deteriorates upon taking damage.
You are resistant to hostile enchantments. (MR+)


Message History

You are too injured to fight recklessly!
You are too injured to fight recklessly!
Casting: Lee's Rapid Deconstruction (quite dangerous; 16% risk of failure)
Confirm with . or Enter, or press ? or * to list all spells.
Aiming: Sandblast (safe; 1% risk of failure)
Press: ? - help, Shift-Dir - straight line, f/p - orc warrior
Aim: an orc warrior, wielding a +0 halberd and wearing a +0 plate armour (heavily wounded)
The blast of sand misses the orc warrior.
b - 117 stones
Casting: Sandblast (safe; 1% risk of failure)
Confirm with . or Enter, or press ? or * to list all spells.
Aiming: Sandblast (safe; 1% risk of failure)
Press: ? - help, Shift-Dir - straight line, f/p - orc warrior
Aim: an orc warrior, wielding a +0 halberd and wearing a +0 plate armour (heavily wounded)
The blast of sand hits the orc warrior.
The orc warrior is severely wounded.
b - 116 stones The orc warrior hits you from afar with a +0 halberd!!
Ouch! That really hurt!
You die...

#...$..... ## #.........
.# #......... .#
#......... .# #.........
.######### #.........
#...##...## ##.........
..........####..@)o.>.).
......)............#####
...................#
........÷...........#
....................#
....................#
...######..........##
#............#....##
##......#......####


You could see an orc warrior.

Vanquished Creatures
  Prince Ribbit (D:5)
  Edmund (D:5)
  An ice beast (D:6)
  A black bear (D:6)
  An ogre (D:4)
  A scorpion (D:5)
  2 crimson imps
  A bullfrog zombie (D:4)
  A hound (D:5)
  An orc priest (D:5)
  An orc wizard (D:2)
  A jelly (D:5)
  A centaur skeleton (D:4)
  An iguana (D:6)
  3 worker ants
  A hound skeleton (D:6)
  4 gnolls (D:6)
  8 adders
  A shadow imp (D:5)
  An adder zombie (D:5)
  5 worms (D:2)
  3 dart slugs
  4 leopard geckos
  10 orcs
  12 bats
  5 giant cockroaches
  9 goblins
  6 hobgoblins
  2 quokkas (D:2)
  5 ball pythons
  3 frilled lizards
  4 kobolds
  2 leopard gecko skeletons (D:4)
  A quokka skeleton (D:4)
  8 rats
112 creatures vanquished.

Notes
Turn   | Place    | Note
-------+----------+-------------------------------------------
     0 | D:1      | CherryEater the Gargoyle Earth Elementalist began the quest
                  | for the Orb.
     0 | D:1      | Reached XP level 1. HP: 10/10 MP: 3/3
   193 | D:1      | Reached XP level 2. HP: 15/15 MP: 3/5
   288 | D:1      | Reached skill level 4 in Earth Magic
  1011 | D:1      | Reached XP level 3. HP: 15/19 MP: 6/6
  1016 | D:1      | Learned a level 3 spell: Stone Arrow
  1436 | D:2      | Reached skill level 1 in Conjurations
  1442 | D:2      | Reached XP level 4. HP: 12/24 MP: 0/8
  1964 | D:2      | Reached skill level 5 in Earth Magic
  1993 | D:2      | Reached XP level 5. HP: 14/28 MP: 5/9
  2000 | D:2      | Learned a level 5 spell: Lee's Rapid Deconstruction
  2338 | D:2      | Found a sacrificial altar of Ru.
  3365 | D:4      | Reached XP level 6. HP: 32/32 MP: 7/11
  3612 | D:4      | Found Nuliteoch's Antique Armour Shoppe.
  3655 | D:4      | Reached skill level 6 in Earth Magic
  3676 | D:4      | Bought a shiny helmet for 210 gold pieces
  3712 | D:4      | Found Suog's Weapon Boutique.
  3767 | D:4      | Found Ysmillel's General Store.
  3779 | D:4      | Bought a potion of mutation for 80 gold pieces
  3779 | D:4      | Bought a scroll of identify for 20 gold pieces
  3779 | D:4      | Gained mutation: Your large and strong wings let you fly
                  | indefinitely. [potion of mutation]
  3779 | D:4      | Gained mutation: Your body sometimes deteriorates upon
                  | taking damage. [potion of mutation]
  3779 | D:4      | Gained mutation: You are resistant to hostile enchantments.
                  | (MR+) [potion of mutation]
  3779 | D:4      | Gained mutation: You have sharp toenails. [potion of
                  | mutation]
  3813 | D:4      | Found a staircase to the Ecumenical Temple.
  3819 | Temple   | Entered the Ecumenical Temple
  3941 | Temple   | Became a worshipper of Vehumet
  4080 | D:4      | Found Eddometi's Distillery.
  4104 | D:4      | Found Rovoqawu's General Store.
  4114 | D:4      | Bought a scroll of identify for 22 gold pieces
  4337 | D:4      | Reached XP level 7. HP: 36/36 MP: 13/13
  4377 | D:5      | Entered Level 5 of the Dungeon
  4403 | D:5      | Got a bloodstained leather armour
  4414 | D:5      | Identified the +2 leather armour of the Ward {rElec} (You
                  | found it on level 5 of the Dungeon)
  4534 | D:5      | Noticed Edmund
  4542 | D:5      | Killed Edmund
  4661 | D:5      | Noticed Prince Ribbit
  4665 | D:5      | Killed Prince Ribbit
  4665 | D:5      | Reached skill level 1 in Fighting
  4665 | D:5      | Reached skill level 1 in Armour
  4665 | D:5      | Reached skill level 7 in Earth Magic
  4665 | D:5      | Reached XP level 8. HP: 43/43 MP: 2/15
  4895 | D:6      | Reached skill level 1 in Maces & Flails
  4959 | D:6      | Reached skill level 5 in Spellcasting
  4996 | D:6      | Reached skill level 5 in Conjurations
  5045 | D:6      | Reached * piety under Vehumet
  5045 | D:6      | Offered knowledge of Sting by Vehumet.
  5077 | D:6      | Slain by an orc warrior

Levels and vault maps discovered:
D:1:      dpeg_arrival_radiant, layout_loops_corners
D:2:      layout_loops_ring, nicolae_ru_great_annihilating_truth
D:3:      layout_basic
D:4:      layout_basic, minmay_temple_entry_fiery, serial_shops,
          nicolae_shop_waterfront, nicolae_shop_competitors_out_of_business,
          shop, nicolae_shop_waterfront, kennysheep_little_box, first_ration
D:5:      layout_rooms, uniq_edmund, uniq_prince_ribbit1
D:6:      layout_rooms, basic_altar
Temple:   minmay_crystal_snake_temple

Skill      XL: |  1  2  3  4  5  6  7  8 |
---------------+-------------------------+-----
Earth Magic    | 4 5 6 7 |  7.2
Conjurations   | 1 2 3 4 5 |  5.0
Spellcasting   | 3 4 5 |  5.0
Fighting       | 1 |  1.7
Armour         | 1 |  1.9
Maces & Flails | 1 |  1.7
Dodging        | 2 |  2.1
Stealth        | 3 |  3.3
Transmutations | |  0.7

Action                   |  1- 3 |  4- 6 |  7- 9 || total
-------------------------+-------+-------+-------++-------
Melee: Dagger            |   107 |   118 |       ||   225
       Unarmed           |     6 |       |       ||     6
       Trident           |       |    83 |    79 ||   162
       Kick              |       |     6 |    10 ||    16
 Cast: Sandblast         |    24 |    41 |     2 ||    67
       Stone Arrow       |       |     7 |     6 ||    13
       Lee's Rapid Decon |       |       |     6 ||     6
 Abil: Fly               |       |     1 |       ||     1
  Use: Scroll            |     3 |     6 |     4 ||    13
       Potion            |       |     1 |     1 ||     2
 Stab: Sleeping          |     2 |     4 |       ||     6
       Paralysed         |       |     1 |       ||     1
       Distracted        |       |       |     1 ||     1
  Eat: Chunk             |     2 |     9 |     6 ||    17
Armor: Robe              |    48 |    74 |    23 ||   145
Dodge: Dodged            |    83 |   139 |    86 ||   308

Table legend:
 A = Non-vault XP
 B = Vault XP
 C = Vault XP percentage of total XP
 D = Non-vault monster count
 E = Vault monster count
 F = Vault count percentage of total count
                 A         B        C        D         E       F
            +---------+---------+-------+---------+---------+-------
      Total |    1246 |     506 |  28.9 |     106 |       6 |   5.4
            +---------+---------+-------+---------+---------+-------
        D:1 |      43 |       0 |   0.0 |      26 |       0 |   0.0
        D:2 |     152 |      49 |  24.4 |      31 |       4 |  11.4
        D:3 |      26 |       0 |   0.0 |       8 |       0 |   0.0
        D:4 |     354 |       0 |   0.0 |      13 |       0 |   0.0
        D:5 |     238 |     457 |  65.8 |      12 |       2 |  14.3
        D:6 |     433 |       0 |   0.0 |      16 |       0 |   0.0
            +---------+---------+-------+---------+---------+-------
